 Dungeon Crawl Stone Soup version 0.31-a0-1265-gaa4636e842 (webtiles) character file.

Game seed: 2444515350288871697

0 gohu the Cudgeller (level 1, -2/16 HPs)
             Began as a Demonspawn Gladiator on Dec 16, 2023.
             Slain by a goblin
             ... wielding a +0 club
              (3 damage)
             ... on level 1 of the Dungeon.
             The game lasted 00:00:41 (15 turns).

gohu the Cudgeller (Demonspawn Gladiator)             Turns: 15, Time: 00:00:41

Health: -2/16      AC:  4    Str: 14    XL:     1   Next: 8%
Magic:  1/1        EV: 12    Int:  8    God:
Gold:   0          SH:  0    Dex: 14    Spells: 0/0 levels left

rFire   . . .        a - +0 flail
rCold   . . .        (no shield)
rNeg    . . .        b - +0 leather armour
rPois   .            c - +0 helmet
rElec   .            (no cloak)
rCorr   .            (no gloves)
SInv    .            (no boots)
Will    .....        (no amulet)
Stlth   +            (no ring)
HPRegen 0.22/turn    (no ring)
MPRegen 0.07/turn

%: no passive effects
@: no status effects
A: no striking features
a: no special abilities


You were on level 1 of the Dungeon.
You visited 1 branch of the dungeon, and saw 1 of its levels.

Inventory:

Hand Weapons
 a - a +0 flail (weapon)
Missiles
 d - 3 throwing nets (quivered)
 e - a javelin
Armour
 b - a +0 leather armour (worn)
 c - a +0 helmet (worn)


   Skills:
 * Level 2.0 Fighting
 + Level 2.7 Maces & Flails
 + Level 1.7 Throwing
 + Level 2.6 Dodging


You couldn't memorise any spells.
You didn't know any spells.
Your spell library was empty.

Dungeon Overview and Level Annotations

Branches:
Dungeon (1/15)

Altars:


Message History

Press ? for a list of commands and other information.
Found 8 gold pieces.
Found a staircase leading out of the dungeon.
You enter the shallow water.
Moving in this stuff is going to be slow.
You enter the shallow water.
Moving in this stuff is going to be slow.
A goblin and a rat come into view.
The rat squeaks loudly.
Your unstable footing causes you to fumble your attack.
The goblin hits you with a +0 club.
A bat comes into view.
The goblin barely misses you.
Your unstable footing causes you to fumble your attack.
The goblin closely misses you. The bat hits you but does no damage.
The rat twitches its whiskers.
The goblin closely misses you.
You barely miss the rat. The goblin hits you with a +0 club.
The bat completely misses you. The rat bites you but does no damage.
The goblin hits you with a +0 club.
You thump the rat!
You kill the rat!
The bat closely misses you. The bat hits you but does no damage.
The goblin closely misses you. The bat completely misses you.
The goblin attacks as it pursues you! The goblin hits you but does no damage.
You hit the goblin.
The goblin is heavily wounded.
The bat hits you. The goblin closely misses you.
You barely miss the goblin.
The goblin is heavily wounded.
The bat hits you. The bat hits you but does no damage. x2
The goblin hits you with a +0 club.
You barely miss the goblin.
The goblin is heavily wounded.
The bat barely misses you. The goblin hits you with a +0 club.
* * * LOW HITPOINT WARNING * * *
The goblin hits you with a +0 club.
You die...

#...~≈≈≈≈≈≈...#
#.~≈≈≈≈≈≈~~.# #
#.~≈≈≈~≈~~..#.#
#.~≈~~.~≈.~.#.#
#~~~.~<~.~~~..#
#~≈.~~..~~~.##
#..≈≈~~~~≈~.#
##~≈~≈≈≈b~~g##
#≈.≈≈≈≈.≈.@.#
#~.~≈≈≈~~$#.##
#...~~≈≈~~.##.#
#.#...≈.~~.. ##
#..#...#..~..
#.#.##...# ##.
###.#


You could see a goblin and a bat.

Vanquished Creatures
  A rat (D:1)
1 creature vanquished.

Notes
Turn   | Place    | Note
-------+----------+-------------------------------------------
     0 | D:1      | gohu the Demonspawn Gladiator began the quest for the Orb.
     0 | D:1      | Reached XP level 1. HP: 16/16 MP: 1/1
    15 | D:1      | Slain by a goblin

Illustrated notes

Levels and vault maps discovered:
D:1:      dpeg_arrival_subterranean_lakeside_camping, layout_loops_ring,
          serial_shops, nicolae_diamond_shop

Action                     || total
---------------------------++-------
  Melee: Flail             ||     7
 Armour: Leather armour    ||    14
  Dodge: Dodged            ||     9

Table legend: (Time is in decaauts)
 A = Elapsed time spent in this place.
 B = Non-inter-level travel time spent in this place.
 C = Inter-level travel time spent in this place.
 D = Time resting spent in this place.
 E = Time spent auto-exploring this place.
 F = Levels seen in this place.
 G = Mean time per level.
                   A        B        C        D        E       F      G
               +--------+--------+--------+--------+--------+-----+--------+
         Total |     19 |     19 |      0 |      0 |      3 |   1 |   19.0 |
       Dungeon |     19 |     19 |      0 |      0 |      3 |   1 |   19.0 |
               +--------+--------+--------+--------+--------+-----+--------+

Top non-repeatable levels by time:
     D:1: 19 daAuts
